 Dungeon Crawl Stone Soup version 0.28-a0-589-g333b8329f1 (webtiles) character file.

Game seed: 5267774252353266807

21032 lawman0 the Thaumaturge (level 12, -2/58 HPs)
             Began as a Spriggan Venom Mage on Oct 3, 2021.
             Was a Priest of Vehumet.
             Engulfed by a cloud of flame (19 damage)
             ... on level 9 of the Dungeon.
             The game lasted 00:29:34 (11347 turns).

lawman0 the Thaumaturge (Spriggan Venom Mage)      Turns: 11347, Time: 00:29:34

Health: -2/58      AC:  9    Str:  6    XL:     12   Next: 50%
Magic:  16/28      EV: 21    Int: 19    God:    Vehumet [***...]
Gold:   478        SH:  5    Dex: 16    Spells: 16/33 levels left

rFire   . . .      SeeInvis +   I - staff of conjuration
rCold   . . .      Faith    .   (shield currently unavailable)
rNeg    . . .      Spirit   .   a - +0 robe
rPois   .          Reflect  +   (helmet restricted)
rElec   .          Harm     .   y - +2 cloak {Will+}
rCorr   .          Rampage  .   (gloves unavailable)
Will    +++..                   (boots unavailable)
Stlth   +++.......              s - amulet of reflection
HPRegen 0.19/turn               F - +4 ring of protection
MPRegen 0.21/turn               K - ring of wizardry

@: very quick
A: very small, no large weapons, unfitting armour, see invisible, speed 3
a: Renounce Religion


You were on level 9 of the Dungeon.
You worshipped Vehumet.
Vehumet was most pleased with you.
You visited 2 branches of the dungeon, and saw 10 of its levels.
You also visited: Bailey.

You collected 478 gold pieces.

Inventory:

Hand Weapons
 l - a +2 dagger of speed
Missiles
 B - 3 throwing nets
Armour
 a - a +0 robe (worn)
 y - a +2 cloak of willpower (worn)
Magical Staves
 I - a staff of conjuration (weapon)
Jewellery
 k - a ring of flight
 n - a +6 ring of dexterity
 o - a +4 ring of protection
 s - an amulet of reflection (around neck)
 F - a +4 ring of protection (left hand)
 K - a ring of wizardry (right hand)
Wands
 w - a wand of iceblast (7)
 x - a wand of paralysis (5)
Scrolls
 e - 7 scrolls of teleportation
 f - a scroll of magic mapping
 g - a scroll of holy word
 m - 2 scrolls of enchant weapon
 p - 6 scrolls of enchant armour
 r - a scroll of silence
 A - a scroll of vulnerability
 G - a scroll of summoning
 H - 2 scrolls of fog
Potions
 b - a potion of berserk rage
 c - a potion of magic {unknown}
 d - a potion of flight {unknown}
 i - a potion of mutation
 j - 3 potions of curing {unknown}
 q - a potion of resistance
 t - a potion of ambrosia
 u - 4 potions of haste {unknown}
 v - a potion of attraction
 z - a potion of brilliance {unknown}
 C - 3 potions of might {unknown}
 D - 2 potions of heal wounds
 E - 2 potions of invisibility {unknown}


   Skills:
 + Level 4.7 Fighting
 - Level 2.0 Short Blades
 + Level 7.2 Dodging
 + Level 6.6 Stealth
 + Level 0.2 Shields
 + Level 11.0 Spellcasting
 * Level 7.3 Conjurations
 + Level 0.1 Summonings
 + Level 4.7 Translocations
 + Level 5.5 Transmutations
 + Level 1.0 Fire Magic
 + Level 2.2 Air Magic
 * Level 10.7 Poison Magic
 + Level 5.4 Evocations


You had 16 spell levels left.
You knew the following spells:

 Your Spells              Type           Power      Damage    Failure   Level
a - Sting                 Tmut/Pois      100%       1d8       1%          1
b - Poisonous Vapours     Pois/Air       70%        N/A       1%          2
c - Mephitic Cloud        Conj/Pois/Air  53%        N/A       1%          3
d - Summon Small Mammal   Summ           44%        N/A       2%          1
e - Olgreb's Toxic Radia  Pois           51%        N/A       1%          4
f - Foxfire               Conj/Fire      100%       2x1d9     1%          1
g - Conjure Flame         Conj/Fire      39%        6-21      1%          3
h - Blink                 Tloc           N/A        N/A       1%          2

Your spell library contained the following spells:

 Spells                   Type           Power      Damage    Failure   Level
 Inner Flame              Hex/Fire       12%        N/A       1%          3
 Wereblood                Tmut           31%        N/A       1%          2
 Lesser Beckoning         Tloc           28%        N/A       1%          3
 Sublimation of Blood     Necr           5%         N/A       4%          2
 Call Canine Familiar     Summ           11%        N/A       8%          3
 Summon Guardian Golem    Hex/Summ       10%        N/A       8%          3
 Manifold Assault         Tloc           28%        N/A       11%         5
 Summon Hydra             Summ           5%         N/A       100%        7


Dungeon Overview and Level Annotations

Branches:
Dungeon (9/15)             Temple (1/1) D:4          Bailey (visited)
   Lair: D:8-11         Orc: D:9-12

Altars:
Ashenzari
Cheibriados
Dithmenos
Elyvilon
Fedhas
Gozag
Kikubaaqudgha
Nemelex Xobeh
Okawaru
Qazlal
Ru
Sif Muna
Trog
Uskayaw
Vehumet
Wu Jian
Xom
Yredelemnul
Zin
The Shining One

Shops:
D:3 [   D:4 :([


Innate Abilities, Weirdness & Mutations

You are very small and have problems with some larger weapons.
You are too small for most types of armour.
You have supernaturally acute eyesight. (SInv)
You cover ground extremely quickly. (Speed+++)


Message History

Unknown command.
Casting: Foxfire (safe; 1% risk of failure)
Confirm with . or Enter, or press ? or * to list all spells.
You feel a surge of power!
You conjure some foxfire!
You kill the orc priest!
Vehumet accepts your kill.
The foxfire hits the centaur zombie.
The centaur zombie is almost destroyed.
The foxfire hits the centaur zombie!
You destroy the centaur zombie!
Vehumet accepts your kill.
You feel your power returning.
Your foxfire dissipates!
You start resting.
Magic restored.
An orc comes into view. It is wielding a +0 hand axe.
An orc is nearby!
An orc is nearby!
An orc is nearby!
Casting: Foxfire (safe; 1% risk of failure)
Confirm with . or Enter, or press ? or * to list all spells.
You feel a surge of power!
The fire begins to smoulder!
The orc shouts!
Unknown command.
Unknown command.
Unknown command.
Casting: Conjure Flame (safe; 1% risk of failure)
Confirm with . or Enter, or press ? or * to list all spells.
You feel a surge of power!
The fire ignites!
You are engulfed in blazing flames.
Casting: Conjure Flame (safe; 1% risk of failure)
Confirm with . or Enter, or press ? or * to list all spells.
You feel a surge of power!
The fire blazes with new energy!
You are engulfed in blazing flames.
* * * LOW HITPOINT WARNING * * *
Casting: Conjure Flame (safe; 1% risk of failure)
Confirm with . or Enter, or press ? or * to list all spells.
You feel a surge of power!
The fire blazes with new energy!
You are engulfed in blazing flames.
You die...

#....... # ...... # #......
# #. ... ### # ##. #.# ##.#
# #..##.## ####..# #
##......#############..(..#
##........o.......)....##..#
#
#..............@.########.##
### ##................#
#.####.. #.......)..#.P..###
#†.....# ..##...###.#.)..#
#####.(####. #
#....#/#......######.<.)..#
#.
#....###..#.........)##)###
#.
#................##.)..#.#
#.
#....................##.#.#
#.
.......$#.#####....#..#.#.#
#.


You could see an orc.

Vanquished Creatures
  An orc warlord (Bailey)
  A two-headed ogre (D:8)
  The ghost of Sabo the Cleaver, a novice DsBe of Trog (D:8)
  An orc knight (Bailey)
  A cyclops (D:9)
  A steam dragon (D:5)
  A water moccasin (D:5)
  14 orc warriors
  2 sky beasts (D:7)
  A black bear (D:6)
  An ice beast (D:6)
  A necrophage (D:9)
  3 ogres
  A centaur (D:5)
  2 kobold brigands
  3 bullfrogs
  2 scorpions
  3 electric eels (D:4)
  4 wights (D:7)
  A bullfrog zombie (D:6)
  4 centaur zombies
  2 hounds
  2 jellies
  6 orc priests
  2 centaur skeletons (D:5)
  6 iguanas
  2 orc wizards
  A scorpion zombie (D:3)
  A killer bee zombie (D:9)
  10 adders
  14 gnolls
  A shadow imp (D:7)
  7 worms
  2 dart slugs
  26 orcs
  7 endoplasms
  4 giant cockroaches
  19 goblins
  17 hobgoblins
  4 jackals
  19 kobolds
  5 quokkas
  5 ball pythons
  3 bats
  5 frilled lizards
  A rat (D:3)
220 creatures vanquished.

Vanquished Creatures (others)
  147 foxfires
  2 plants (D:4)
  3 withered plants (D:9)
152 creatures vanquished.

Grand Total: 372 creatures vanquished

Notes
Turn   | Place    | Note
-------+----------+-------------------------------------------
     0 | D:1      | lawman0 the Spriggan Venom Mage began the quest for the
                  | Orb.
     0 | D:1      | Reached XP level 1. HP: 9/9 MP: 5/5
   264 | D:1      | Found a faded altar of an unknown god.
   447 | D:1      | You fall into a shaft and drop 1 floor!
   465 | D:2      | Reached skill level 3 in Spellcasting
   465 | D:2      | Reached XP level 2. HP: 13/13 MP: 4/7
   839 | D:2      | Learned a level 2 spell: Poisonous Vapours
   896 | D:2      | Reached XP level 3. HP: 16/16 MP: 0/8
  1263 | D:2      | Learned a level 3 spell: Mephitic Cloud
  2299 | D:3      | Reached XP level 4. HP: 21/21 MP: 3/10
  3126 | D:3      | Found Ojemist's Armour Shoppe.
  3217 | D:3      | Reached skill level 1 in Conjurations
  3217 | D:3      | Reached XP level 5. HP: 24/24 MP: 6/11
  3562 | D:3      | Reached skill level 1 in Short Blades
  3650 | D:3      | Learned a level 1 spell: Summon Small Mammal
  4049 | D:4      | Found Keomuip's Book Boutique.
  4106 | D:4      | Found a large runed translucent door.
  4107 | D:4      | Found a large runed translucent door.
  4154 | D:4      | Found a glowing golden altar of the Shining One.
  4159 | D:4      | Found an iron altar of Okawaru.
  4220 | D:4      | Found Jezxon's Weapon Emporium.
  4447 | D:4      | Found a transporter.
  4461 | D:4      | Found a transporter.
  4476 | D:4      | Learned a level 4 spell: Olgreb's Toxic Radiance
  4598 | D:4      | You are sucked into a shaft and drop 2 floors!
  4641 | D:5      | Entered Level 5 of the Dungeon
  4652 | D:5      | Noticed a water moccasin
  4674 | D:5      | Reached XP level 6. HP: 28/28 MP: 6/12
  4937 | D:4      | Found a staircase to the Ecumenical Temple.
  5100 | Temple   | Entered the Ecumenical Temple
  5349 | Temple   | Became a worshipper of Vehumet
  5446 | D:4      | Reached skill level 4 in Spellcasting
  5446 | D:4      | Reached skill level 5 in Poison Magic
  5688 | D:4      | Found Ytaniabb's Antique Armour Shop.
  6006 | D:5      | Reached skill level 1 in Air Magic
  6067 | D:5      | Reached XP level 7. HP: 32/32 MP: 5/14
  6718 | D:5      | Reached skill level 5 in Spellcasting
  7000 | D:5      | Noticed a steam dragon
  7016 | D:5      | Killed a steam dragon
  7017 | D:5      | Reached skill level 5 in Stealth
  7017 | D:5      | Reached XP level 8. HP: 26/36 MP: 8/17
  7099 | D:5      | Reached skill level 1 in Evocations
  7311 | D:5      | Reached * piety under Vehumet
  7311 | D:5      | Offered knowledge of Foxfire by Vehumet.
  7809 | D:6      | Reached skill level 6 in Spellcasting
  7815 | D:6      | Learned a level 1 spell: Foxfire
  8313 | D:7      | Reached XP level 9. HP: 39/39 MP: 18/20
  8344 | D:7      | Found a bloodstained altar of Trog.
  8985 | D:7      | Found a stormy altar of Qazlal.
  9163 | D:7      | Reached ** piety under Vehumet
  9586 | D:8      | Reached skill level 7 in Spellcasting
  9607 | D:8      | Found a flagged portal.
  9619 | Bailey   | Entered a bailey
  9635 | Bailey   | Offered knowledge of Shock by Vehumet.
  9989 | Bailey   | Offered knowledge of Conjure Flame by Vehumet.
 10003 | Bailey   | Reached *** piety under Vehumet
 10087 | Bailey   | Noticed an orc warlord
 10087 | Bailey   | Noticed an orc knight
 10091 | Bailey   | Noticed an orc knight
 10097 | Bailey   | Reached skill level 8 in Spellcasting
 10147 | Bailey   | Killed an orc warlord
 10148 | Bailey   | Reached skill level 10 in Poison Magic
 10148 | Bailey   | Reached XP level 10. HP: 44/44 MP: 12/23
 10265 | Bailey   | Killed an orc knight
 10322 | Bailey   | Reached skill level 5 in Dodging
 10322 | Bailey   | Reached skill level 9 in Spellcasting
 10322 | Bailey   | Reached skill level 5 in Transmutations
 10322 | Bailey   | Reached XP level 11. HP: 53/53 MP: 12/25
 10323 | Bailey   | Reached skill level 10 in Spellcasting
 10323 | Bailey   | Reached skill level 5 in Evocations
 10323 | Bailey   | Reached XP level 12. HP: 58/58 MP: 12/27
 10340 | Bailey   | Learned a level 3 spell: Conjure Flame
 10434 | D:8      | Learned a level 2 spell: Blink
 10487 | D:8      | Noticed a two-headed ogre
 10530 | D:8      | Killed a two-headed ogre
 10692 | D:8      | Found a large runed translucent door.
 10692 | D:8      | Found a large runed translucent door.
 10698 | D:8      | Noticed Sabo's ghost (novice DsBe)
 10832 | D:8      | Killed Sabo's ghost
 11089 | D:9      | Offered knowledge of Inner Flame by Vehumet.
 11112 | D:9      | Reached skill level 1 in Fire Magic
 11119 | D:9      | Reached skill level 11 in Spellcasting
 11347 | D:9      | Engulfed by a cloud of flame

Illustrated notes

Levels and vault maps discovered:
D:1:      psy_arrival_whirlpool, layout_basic, chequers_ecumenical_altar_island,
          st_stairs_8, minmay_misc_feat_alley
D:2:      minmay_general_purpose_star, layout_basic, kennysheep_flooded_box
D:3:      minmay_evil_eye, layout_loops_cross, serial_shops,
          nicolae_square_shop, hangedman_feature_mirror,
          chequers_serial_rivers_micro_a
D:4:      gammafunk_steamed_eel, layout_cave_pods, jmf_multi_god_temple2,
          minmay_temple_entry_glassed_door, serial_shops, nicolae_shop_stone,
          nicolae_shop_window_shopping, nicolae_shop_statue_plus
D:5:      layout_loops_cross, patterned_corridor
D:6:      layout_basic, dk_noncrumbling_3
D:7:      layout_gridville, mainiacjoe_overflow_brackets, grunt_qazlal_clouds,
          dk_vineyard_3, minmay_misc_feat_x
D:8:      layout_rooms, enter_ossuary_1, ebering_ghost_disaster_area,
          enter_bailey_2
D:9:      layout_rooms, lemuel_coloured_pillars_altar, serial_undead,
          serial_undead_c, serial_undead_b, serial_undead_e, serial_undead_b,
          serial_undead_e, item_on_display_a
Temple:   regret_index_temple_sphere_string

Skill      XL: |  1  2  3  4  5  6  7  8  9 10 11 12 |
---------------+-------------------------------------+-----
Spellcasting   | 3 4 5 6 8 9 10 11 | 11.0
Transmutations | 2 3 5 |  5.5
Poison Magic   | 4 5 6 7 10 | 10.7
Conjurations   | 1 2 3 4 6 7 |  7.3
Short Blades   | 1 2 |  2.0
Air Magic      | 1 2 |  2.2
Stealth        | 5 6 |  6.6
Dodging        | 3 5 7 |  7.2
Evocations     | 2 5 |  5.4
Fighting       | 3 4 |  4.7
Translocations | 4 |  4.7
Fire Magic     | 1 |  1.0
Shields        | |  0.2
Summonings     | |  0.1

Action                   |  1- 3 |  4- 6 |  7- 9 | 10-12 || total
-------------------------+-------+-------+-------+-------++-------
Melee: Dagger            |     8 |   126 |    82 |     2 ||   218
       Long sword        |     4 |       |       |       ||     4
       Unarmed           |     1 |       |       |       ||     1
       Staff             |       |       |       |     6 ||     6
 Cast: Sting             |    54 |    48 |    20 |       ||   122
       Poisonous Vapours |    11 |    37 |    16 |     7 ||    71
       Olgreb's Toxic Ra |       |     6 |    50 |    15 ||    71
       Summon Small Mamm |       |     2 |       |       ||     2
       Mephitic Cloud    |       |       |     2 |     1 ||     3
       Foxfire           |       |       |    38 |    49 ||    87
       Conjure Flame     |       |       |       |     7 ||     7
       Blink             |       |       |       |     1 ||     1
Evoke: Wand              |       |       |    22 |     3 ||    25
  Use: Potion            |       |     2 |       |     2 ||     4
       Scroll            |       |     7 |     7 |     5 ||    19
 Stab: Confused          |       |       |     2 |       ||     2
       Paralysed         |       |       |     3 |     2 ||     5
Armor: Robe              |     5 |    18 |    19 |     7 ||    49
Dodge: Dodged            |    25 |    72 |    57 |    25 ||   179
Block: Other             |       |    10 |    23 |     4 ||    37
       Reflection        |       |       |       |     1 ||     1

Table legend: (Time is in decaauts)
 A = Elapsed time spent in this place.
 B = Non-inter-level travel time spent in this place.
 C = Inter-level travel time spent in this place.
 D = Time resting spent in this place.
 E = Time spent auto-exploring this place.
 F = Levels seen in this place.
 G = Mean time per level.
                   A        B        C        D        E       F      G
               +--------+--------+--------+--------+--------+-----+--------+
         Total |   8745 |   8581 |    164 |   2130 |   4394 |  11 |  795.0 |
       Dungeon |   8019 |   7864 |    155 |   2060 |   4119 |   9 |  891.0 |
        Temple |    160 |    152 |      8 |      0 |     75 |   1 |  160.0 |
        Bailey |    565 |    565 |      0 |     70 |    199 |   1 |  565.0 |
               +--------+--------+--------+--------+--------+-----+--------+

Top non-repeatable levels by time:
     D:4: 1530 daAuts
     D:5: 1318 daAuts
     D:3: 1066 daAuts
     D:2: 896 daAuts
     D:7: 831 daAuts
     D:1: 819 daAuts
     D:8: 639 daAuts
     D:6: 595 daAuts
  Bailey: 565 daAuts
     D:9: 321 daAuts
  Temple: 160 daAuts
